 Dungeon Crawl Stone Soup version 0.21.1-1-g345015fe64 (webtiles) character file.

4722 Gargoyl the Agent of Entropy (level 10, -1/83 HPs)
             Began as a Centaur Abyssal Knight on May 16, 2018.
             Was a Priest of Lugonu.
             Slain by a killer bee (6 damage)
             ... on level 8 of the Dungeon.
             The game lasted 00:15:31 (6835 turns).

Gargoyl the Agent of Entropy (CeAK)                 Turns: 6835, Time: 00:15:32

Health: -1/83      AC: 16    Str: 20    XL:     10   Next: 22%
Magic:  5/16       EV:  4    Int: 11    God:    Lugonu [***...]
Gold:   303        SH:  0    Dex: 16    Spells: 9/9 levels left

rFire    . . .     SeeInvis .   w - +1 broad axe
rCold    . . .     Gourm    .   (no shield)
rNeg     . . .     Faith    .   d - +0 plate armour
rPois    .         Spirit   .   p - +1 helmet
rElec    +         Reflect  .   j - +0 cloak
rCorr    +         Harm     .   k - +1 pair of gloves
MR       .....                  (no barding)
Stlth    ..........             h - amulet of regeneration
HPRegen  0.63/turn              g - ring of resist corrosion
MPRegen  0.15/turn              t - +4 ring of dexterity

@: mighty, lethally poisoned (-1 -> -2), very quick
A: large, claws 1, fangs 1, hooves 3, deformed body, speed 2, electricity
resistance, tough skin 3
a: Depart the Abyss, Bend Space, Banish, Renounce Religion


You were on level 8 of the Dungeon.
You worshipped Lugonu.
Lugonu was most pleased with you.
You were not hungry.

You visited 1 branch of the dungeon, and saw 8 of its levels.
You visited the Abyss 1 time.

You collected 303 gold pieces.

Inventory:

Hand Weapons
 a - a +1 hand axe
 w - a +1 broad axe (weapon)
Armour
 d - a +0 plate armour (worn)
 j - a +0 cloak (worn)
 k - a +1 pair of gloves (worn)
 p - a +1 helmet (worn)
Jewellery
 g - a ring of resist corrosion (left hand)
 h - an amulet of regeneration (around neck)
 t - a +4 ring of dexterity (right hand)
Wands
 f - a wand of polymorph (36)
 o - a wand of disintegration (4)
 u - a wand of acid (6)
 x - a wand of flame (60)
Scrolls
 b - 3 scrolls of identify
 i - 2 scrolls of remove curse
 r - a scroll of fog
Potions
 l - a potion of curing
 n - a potion of agility
 q - a potion of brilliance
Comestibles
 c - 6 rations


   Skills:
 + Level 6.0 Fighting
 + Level 7.8 Axes
 + Level 1.3 Throwing
 * Level 6.8 Armour
 + Level 0.9 Dodging
 * Level 8.1 Invocations


You had 9 spell levels left.
You didn't know any spells.

Dungeon Overview and Level Annotations

Branches:
Dungeon (8/15)             Temple (0/1) D:7
   Lair: D:8-11

Altars:
Cheibriados
Gozag
Kikubaaqudgha
Vehumet
Xom

Annotations:
D:3 raetorn's ghost, amateur VSFi


Innate Abilities, Weirdness & Mutations

You have hooves in place of feet.
Armour fits poorly on your strangely shaped body.
You cover ground very quickly.
You have extremely tough skin. (AC +3)
You have sharp fingernails.
You have very sharp teeth.
You are resistant to electric shocks. (rElec)


Message History

The killer bee buzzes angrily.
You kill the killer bee!
Lugonu accepts your kill.
The killer bee stings you but does no damage. x2
You closely miss the killer bee. The killer bee stings you.
* * * LOW HITPOINT WARNING * * *
The killer bee stings you but does no damage.
You closely miss the killer bee. You kick the killer bee.
The killer bee is moderately wounded.
The killer bee stings you.
* * * LOW HITPOINT WARNING * * *
The killer bee stings you but does no damage.
You closely miss the killer bee. Your bite misses the killer bee.
The killer bee is moderately wounded.
The killer bee stings you but does no damage.
The killer bee stings you!
* * * LOW HITPOINT WARNING * * *
You are poisoned.
The killer bee poisons you! The killer bee stings you.
You die...

........†........
....##...........
# #...........
#...........
#...........
##y.........#
##y#..^....###
##y####....##
#@## ##....# ###
#..## ###


You could see 3 killer bees.

Vanquished Creatures
  A two-headed ogre (D:8)
  A hippogriff (D:7)
  3 yaks (D:8)
  Menkaure (D:4)
  2 orc warriors
  A sky beast (D:6)
  An ice beast (D:7)
  3 ogres
  A wolf (D:8)
  2 centaurs
  2 bullfrogs (D:7)
  2 elf skeletons (D:4)
  2 scorpions
  A troll zombie (D:7)
  A killer bee (D:8)
  A crimson imp (D:6)
  A quasit (D:6)
  A hound (D:4)
  Crazy Yiuf (D:3)
  2 orc priests (D:7)
  2 bullfrog skeletons
  A centaur skeleton (D:5)
  An iguana (D:8)
  An iron imp (D:6)
  6 orc wizards
  7 worker ants
  A killer bee simulacrum (D:8)
  A mummy (D:7)
  4 gnolls
  15 adders
  A shadow imp (D:7)
  3 white imps (D:8)
  An ufetubus (D:8)
  An ooze (D:2)
  An adder skeleton (D:5)
  3 worms (D:2)
  3 dart slugs
  3 leopard geckos
  17 orcs
  6 giant cockroaches
  12 goblins
  5 hobgoblins
  2 jackals
  9 kobolds
  2 quokkas (D:2)
  2 ball python skeletons
  7 bats
  6 frilled lizards
  4 orc skeletons (D:4)
  10 rats
  2 fungi (D:3)
169 creatures vanquished.

Vanquished Creatures (others)
  A two-headed ogre (D:8)
  The ghost of Schimscham the Frost Mage, a novice BaIE of Sif Muna (D:8)
  The ghost of raetorn the Cleaver, a novice DDMo of Makhleb (D:4)
  The ghost of Schimscham the Chiller, a novice BaIE of Sif Muna (D:5)
  A yak (D:8)
  An orc warrior (D:7)
  A black bear (D:7)
  A killer bee (D:8)
  A wight (D:8)
  A howler monkey (D:7)
  2 adders (D:7)
12 creatures vanquished.

Grand Total: 181 creatures vanquished

Notes
Turn   | Place    | Note
-------+----------+-------------------------------------------
     0 | Abyss:1  | Gargoyl the Centaur Abyssal Knight began the quest for the Orb.
     0 | Abyss:1  | Reached XP level 1. HP: 19/19 MP: 2/2
    14 | Abyss:1  | Noticed a neqoxec
    28 | Abyss:2  | Noticed a naga
    28 | Abyss:2  | Noticed a salamander
    28 | Abyss:2  | Noticed a naga
    28 | Abyss:2  | Noticed a naga
    28 | Abyss:2  | Noticed a naga mage
    48 | Abyss:2  | Noticed a large abomination
    74 | Abyss:2  | Noticed a hellion
    75 | D:1      | Escaped the Abyss
   163 | D:1      | Reached * piety under Lugonu
   266 | D:1      | Reached XP level 2. HP: 25/26 MP: 3/3
   368 | D:1      | You fall through a shaft!
  1051 | D:2      | Gained mutation: You have sharp fingernails. [potion of mutation]
  1051 | D:2      | Gained mutation: You are resistant to electric shocks. (rElec) [potion of mutation]
  1051 | D:2      | Gained mutation: You have very sharp teeth. [potion of mutation]
  1081 | D:2      | Reached XP level 3. HP: 24/31 MP: 4/4
  1269 | D:2      | Reached ** piety under Lugonu
  1402 | D:2      | Reached XP level 4. HP: 32/38 MP: 5/5
  1628 | D:2      | Reached skill level 3 in Invocations
  2120 | D:3      | Reached XP level 5. HP: 39/46 MP: 7/7
  2491 | D:3      | Noticed raetorn's ghost (amateur VSFi)
  2627 | D:4      | Found a shimmering altar of Xom.
  2758 | D:4      | Noticed an ogre
  2763 | D:4      | Killed an ogre
  2763 | D:4      | Reached XP level 6. HP: 52/52 MP: 8/8
  2881 | D:4      | Noticed raetorn's ghost (novice DDMo)
  3042 | D:4      | Reached *** piety under Lugonu
  3052 | D:4      | Found a sand-covered staircase.
  3172 | D:4      | Reached XP level 7. HP: 44/59 MP: 9/9
  3239 | D:4      | Reached skill level 4 in Invocations
  3327 | D:4      | Banished raetorn's ghost
  3549 | D:3      | Found a runed door.
  3553 | D:3      | Noticed Crazy Yiuf
  3561 | D:3      | Killed Crazy Yiuf
  3583 | D:3      | You fall through a shaft for 3 floors!
  3792 | D:6      | Reached skill level 5 in Invocations
  3792 | D:6      | Reached XP level 8. HP: 47/67 MP: 11/11
  3863 | D:5      | Entered Level 5 of the Dungeon
  3866 | D:5      | Noticed Schimscham's ghost (novice BaIE)
  3877 | D:5      | Banished Schimscham's ghost
  3877 | D:5      | Reached skill level 5 in Axes
  4039 | D:4      | Noticed Menkaure
  4055 | D:4      | Killed Menkaure
  4687 | D:5      | Found an opulent altar of Gozag.
  4829 | D:5      | Reached skill level 5 in Fighting
  4829 | D:5      | Reached skill level 1 in Throwing
  4829 | D:5      | Reached skill level 5 in Armour
  5364 | D:6      | Found a snail-covered altar of Cheibriados.
  5770 | D:7      | Found a radiant altar of Vehumet.
  5850 | D:6      | Reached skill level 6 in Invocations
  5896 | D:6      | Reached XP level 9. HP: 44/74 MP: 13/13
  5971 | D:7      | Found a staircase to the Ecumenical Temple.
  6262 | D:7      | Found an ancient bone altar of Kikubaaqudgha.
  6623 | D:7      | Found a shimmering altar of Xom.
  6749 | D:8      | Noticed a two-headed ogre
  6765 | D:8      | Reached **** piety under Lugonu
  6765 | D:8      | Banished a two-headed ogre
  6778 | D:8      | Noticed Schimscham's ghost (novice BaIE)
  6781 | D:8      | Reached skill level 7 in Invocations
  6786 | D:8      | Banished Schimscham's ghost
  6786 | D:8      | Reached XP level 10. HP: 20/83 MP: 10/15
  6825 | D:8      | Noticed a two-headed ogre
  6831 | D:8      | Killed a two-headed ogre
  6831 | D:8      | Reached skill level 8 in Invocations
  6835 | D:8      | Slain by a killer bee

Skill      XL: |  1  2  3  4  5  6  7  8  9 10 |
---------------+-------------------------------+-----
Axes           | 2 3 4 6 7 |  7.8
Armour         | 2 3 4 5 6 |  6.8
Invocations    | 3 5 6 7 8 |  8.1
Fighting       | 4 5 6 |  6.0
Throwing       | 1 |  1.3
Dodging        | |  0.9

Action                   |  1- 3 |  4- 6 |  7- 9 | 10-12 || total
-------------------------+-------+-------+-------+-------++-------
Melee: Hand axe          |   119 |   170 |   270 |       ||   559
       Kick              |    18 |    48 |   104 |     5 ||   175
       Bite              |     4 |     8 |    50 |       ||    62
       Broad axe         |       |       |   131 |     7 ||   138
Throw: Tomahawk          |       |     1 |    12 |       ||    13
Invok: Depart the Abyss  |     1 |       |       |       ||     1
       Banish            |       |       |     8 |     3 ||    11
       Bend Space        |       |       |     3 |       ||     3
Evoke: Wand              |       |     1 |       |       ||     1
  Use: Scroll            |     3 |     7 |     7 |       ||    17
       Potion            |     1 |     1 |     2 |     1 ||     5
  Eat: Ration            |       |     2 |     2 |     1 ||     5
       Chunk             |       |       |     5 |       ||     5
Armor: Plate armour      |   114 |   184 |   517 |     8 ||   823
       Leather armour    |     1 |       |       |       ||     1
Dodge: Dodged            |    16 |    21 |    70 |       ||   107
